 Dungeon Sprint DCSS version 0.24.1-14-gf8d2b509d9 (webtiles) character file.

Game seed: 5853707554919536458, levelgen mode: deterministic

249 Zeld the Cleaver (level 5, -9/67 HPs)
             Began as a Minotaur Berserker on May 28, 2021.
             Was a Follower of Trog.
             Mangled by a red devil
             ... wielding a +1 trident of venom
              (13 damage)
             ... in the Dungeon (Sprint VII: "The Pits") on May 30, 2021.
             The game lasted 00:00:55 (321 turns).

Zeld the Cleaver (Minotaur Berserker)                Turns: 321, Time: 00:00:56

Health: -9/67      AC:  2    Str: 27    XL:     5   Next: 87%
Magic:  4/4        EV: 12    Int:  4    God:    Trog [*.....]
Gold:   0          SH:  0    Dex: 10    Spells: 4/4 levels left

rFire    . . .     SeeInvis .   a - +0 hand axe
rCold    . . .     Gourm    .   (no shield)
rNeg     . . .     Faith    .   b - +0 animal skin
rPois    .         Spirit   .   (helmet restricted)
rElec    .         Reflect  .   (no cloak)
rCorr    .         Harm     .   (no gloves)
MR       .....     NoTele   +   (no boots)
Stlth    ..........             (no amulet)
HPRegen  0.21/turn              (no ring)
MPRegen  0.09/turn              (no ring)

@: berserking, lethally poisoned (-9 -> -16), very quick
A: retaliatory headbutt, horns 2
a: Berserk, Renounce Religion


You were in the Dungeon.
You worshipped Trog.
Trog was aware of your devotion.
You were not hungry.

You visited 1 branch

Inventory:

Hand Weapons
 a - a +0 hand axe (weapon)
Armour
 b - a +0 animal skin (worn)
Scrolls
 i - a scroll of blinking
Potions
 d - a potion of curing
 e - a potion of heal wounds
 f - a potion of haste
 g - 2 potions of magic
 h - a potion of berserk rage
Comestibles
 c - a ration


   Skills:
 * Level 3.6 Fighting
 - Level 14.2 Axes
 * Level 2.4 Armour
 * Level 2.1 Dodging


You had 4 spell levels left.
You didn't know any spells.
Your spell library was empty.

Dungeon Overview and Level Annotations

Branches:
Dungeon (1/1)

Altars:


Innate Abilities, Weirdness & Mutations

You reflexively headbutt those who attack you in melee.
You have a pair of horns on your head.


Message History

Unknown command.
You are too injured to fight recklessly!
A red film seems to cover your vision as you go berserk!
You feel yourself moving faster!
You feel mighty!
You feel a lot more hungry. The blink frog hits you!
* * * LOW HITPOINT WARNING * * *
The blink frog misses you.
The red devil hits you from afar with a +1 trident of venom!
* * * LOW HITPOINT WARNING * * *
You are poisoned.
Unknown command.
You miss the blink frog. You barely miss the blink frog.
You feel sick. The blink frog hits you.
* * * LOW HITPOINT WARNING * * *
The blink frog blinks!
The blink frog barely misses you.
Unknown command.
* * * LOW HITPOINT WARNING * * *
You feel sick.
The red devil hits you with a +1 trident of venom!
You die...

####'#####''######
#.......##''#####
#.......##......#
#.......##....###
#...<...##...##.+
#.......##..##..#
#.......##..#..#
#.......##.F#..#
##########F.@..+
#..#4.# #.F#..#
#..##..# #... #.+
#... ## #... #####


You could see 3 blink frogs and a red devil.

Vanquished Creatures
  A wraith (D)
  A porcupine (D)
2 creatures vanquished.

Notes
Turn   | Place    | Note
-------+----------+-------------------------------------------
     0 | D        | Zeld the Minotaur Berserker began the quest for the Orb.
     0 | D        | Reached XP level 1. HP: 19/19 MP: 0/0
    10 | D        | Noticed a porcupine
    10 | D        | Noticed a wraith
    13 | D        | Killed a porcupine
    13 | D        | Reached skill level 11 in Axes
    13 | D        | Reached XP level 2. HP: 25/26 MP: 1/1
    13 | D        | Reached XP level 3. HP: 30/31 MP: 2/2
    13 | D        | Reached XP level 4. HP: 38/39 MP: 3/3
    17 | D        | Killed a wraith
    17 | D        | Reached skill level 14 in Axes
    17 | D        | Reached XP level 5. HP: 44/45 MP: 4/4
   313 | D        | Noticed a blink frog
   313 | D        | Noticed a blink frog
   313 | D        | Noticed a red devil
   313 | D        | Noticed a blink frog
   321 | D        | Mangled by a red devil

Levels and vault maps discovered:
D:        pitsprint [storerooms_1, entrance_room_1, metal_vault_6, armoury_1,
          mini_pit_1, grid_room_1, main_hall_1, silver_pit, the_coven_1,
          the_vestibule_1, steel_vault_3, golden_pit, hallway_of_sentries,
          crystal_vault_5, iron_vault_4, final_vault]

Skill      XL: |  1  2  3  4 |
---------------+-------------+-----
Axes           | 11 14 | 14.2
Fighting       | |  3.6
Armour         | |  2.4
Dodging        | |  2.1

Action                   |  1- 3 |  4- 6 || total
-------------------------+-------+-------++-------
Melee: Hand axe          |     2 |     9 ||    11
       Headbutt          |       |     1 ||     1
Invok: Berserk           |       |     2 ||     2
Dodge: Dodged            |     2 |     4 ||     6
